[Event "Titled Tuesday Blitz August 17 2021"]
[White "Seo, Jung Min"]
[Black "Garcia Garcia, Alejandro"]
[WhiteFideId "1734687"]
[BlackFideId "3516334"]
[WhiteElo "2486"]
[BlackElo "2131"]
[Result "1-0"]
[Round "02"]
[TimeControl "180+1"]
[Date "2021.08.17"]
[WhiteClock "0:00:53"]
[BlackClock "0:00:14"]

1. e4 c5 2. Nf3 e6 3. d4 cxd4 4. Nxd4 Nc6 5. Nc3 Nf6 6. Be2 Bb4 7. Qd3 d5 8. exd5 Nxd5 9. Nxc6 bxc6 10. Bd2 Nxc3 11. Qxd8+ Kxd8 12. bxc3 Bc5 13. Bf4 f6 14. Bf3 Bd7 15. Rd1 Ke7 16. O-O e5 17. Bc1 Rac8 18. Be2 Be6 19. c4 Rhd8 20. Rd3 Bf5 21. Rg3 g5 22. h4 h6 23. hxg5 hxg5 24. Bd3 e4 25. Re1 Rd4 26. Be3 Rxd3 27. cxd3 Bb4 28. Rb1 a5 29. dxe4 Bxe4 30. Rd1 Bc2 31. Rc1 Be4 32. Rh3 Rd8 33. Rh6 Kf7 34. f3 Bf5 35. Kf2 Kg7 36. Rhh1 Bd2 37. Rcd1 Bxe3+ 38. Kxe3 Rb8 39. Rd2 Rb4 40. Kd4 Be6 41. Rc1 Rb7 42. Kc5 Rc7 43. Rd6 Bd7 44. Kb6 1-0


[Site "https://www.chess.com"]

[Event "Titled Tuesday Blitz August 17 2021"]
[White "Shapiro, David"]
[Black "Lashkin, Jegor"]
[WhiteFideId "24133523"]
[BlackFideId "13907808"]
[WhiteElo "2234"]
[BlackElo "2293"]
[Result "1-0"]
[Round "02"]
[TimeControl "180+1"]
[Date "2021.08.17"]
[WhiteClock "0:00:12"]
[BlackClock "0:00:06"]

1. d4 Nf6 2. c4 e6 3. Nf3 d5 4. Nc3 Bb4 5. Bg5 dxc4 6. Qa4+ Nc6 7. e3 Qd5 8. Bxf6 gxf6 9. Nd2 Bxc3 10. bxc3 b5 11. Qc2 Bb7 12. Rb1 Na5 13. e4 Qd6 14. Rxb5 Qa6 15. Qa4 Nc6 16. Qxa6 Bxa6 17. Rc5 Kd7 18. Nxc4 Rab8 19. Bd3 Bxc4 20. Rxc4 Rb2 21. Ra4 Rhb8 22. O-O Rd2 23. Bc4 Rc2 24. Ra3 Rbb2 25. Bb3 Re2 26. Ra6 Rxe4 27. Ba4 Rb6 28. Rxa7 Kd6 29. Ra8 Nb8 30. Bb3 Re2 31. Rb1 f5 32. Kf1 Re4 33. Bc2 Rh4 34. Rxb6+ cxb6 35. Rxb8 Rxh2 36. Rxb6+ Kc7 37. Rb4 Rh1+ 38. Ke2 Ra1 39. Rb2 h5 40. g3 Rh1 41. Kf3 Ra1 42. a4 f6 43. Bb3 e5 44. dxe5 fxe5 45. Ra2 Rb1 46. Be6 e4+ 47. Kg2 Rc1 48. Bxf5 e3 49. fxe3 Rxc3 50. Kf3 Rc5 51. Be4 Ra5 52. Kf4 Kd6 53. Bf5 Ke7 54. e4 Kf6 55. Ra1 Ke7 56. e5 Kf7 57. Ke4 Ke7 58. Kd4 Kf7 59. Bd3 Ke6 60. Bc4+ Kf5 61. Bb5 Ra8 62. Rf1+ Kg4 63. e6 Ra7 64. Rf7 Ra8 65. e7 Kxg3 66. Rf8 Ra7 67. e8=Q h4 68. Rg8+ 1-0


[Site "https://www.chess.com"]

[Event "Titled Tuesday Blitz August 17 2021"]
[White "Shimelkov, Vasiliy"]
[Black "Milosevic, Milos"]
[WhiteFideId "13701630"]
[BlackFideId "964875"]
[WhiteElo "2073"]
[BlackElo "2244"]
[Result "1-0"]
[Round "02"]
[TimeControl "180+1"]
[Date "2021.08.17"]
[WhiteClock "0:00:18"]
[BlackClock "0:00:01"]

1. d4 Nf6 2. c4 g6 3. Nf3 Bg7 4. Nc3 d5 5. e3 O-O 6. cxd5 Nxd5 7. Bc4 Nxc3 8. bxc3 c5 9. O-O b6 10. a4 Bb7 11. Ba3 Nc6 12. h3 Na5 13. Ba2 c4 14. Qe2 Rc8 15. Nd2 Re8 16. Bb4 Nb3 17. Nxb3 cxb3 18. Bxb3 a5 19. Ba3 Rxc3 20. Qa2 e6 21. Rac1 Rxc1 22. Rxc1 Qd7 23. Bd1 b5 24. axb5 Qxb5 25. Bc5 Bd5 26. Qa3 Qb7 27. f3 Bh6 28. Ra1 f5 29. Qc3 Ra8 30. Kf2 Qc7 31. Bc2 Bg5 32. Bb3 Bh4+ 33. Kg1 Rb8 34. Bxd5 exd5 35. Qd2 a4 36. Qa2 Rb3 37. Qxa4 Rxe3 38. Qa8+ Kg7 39. Qxd5 Qf7 40. Ra7 1-0


[Site "https://www.chess.com"]

[Event "Titled Tuesday Blitz August 17 2021"]
[White "Shkapenko, Pavel"]
[Black "Torkkola, Henri"]
[WhiteFideId "4151933"]
[BlackFideId "507660"]
[WhiteElo "2386"]
[BlackElo "2137"]
[Result "1-0"]
[Round "02"]
[TimeControl "180+1"]
[Date "2021.08.17"]
[WhiteClock "0:01:03"]
[BlackClock "0:00:15"]

1. e4 e5 2. Nf3 Nc6 3. g3 Nf6 4. d3 g6 5. Bg2 Bg7 6. O-O O-O 7. d4 Nxe4 8. Nxe5 Nxe5 9. dxe5 d5 10. exd6 Nxd6 11. Nc3 Re8 12. Bf4 Bf5 13. Re1 Rxe1+ 14. Qxe1 Bxc2 15. Qd2 Bf5 16. Rd1 Rb8 17. Nd5 Ne4 18. Qb4 c5 19. Qe1 Nxf2 20. Qxf2 Bd4 21. Rxd4 cxd4 22. Bxb8 Qxb8 23. Ne7+ Kg7 24. Nxf5+ gxf5 25. Qxd4+ Kg6 26. Qc5 b6 27. Qc6+ Kg7 28. Qc3+ Kg6 29. h4 h5 30. Qe3 Qd6 31. Qg5+ Kh7 32. Qxh5+ Kg7 33. Qg5+ Kh8 34. Kh2 1-0


[Site "https://www.chess.com"]

[Event "Titled Tuesday Blitz August 17 2021"]
[White "Shtyka, Sergey"]
[Black "Ivanov, Oleg"]
[WhiteFideId "4138465"]
[BlackFideId "4103114"]
[WhiteElo "2064"]
[BlackElo "2703"]
[Result "1-0"]
[Round "02"]
[TimeControl "180+1"]
[Date "2021.08.17"]
[WhiteClock "0:00:47"]
[BlackClock "0:00:04"]

1. e4 c5 2. Nf3 d6 3. d4 cxd4 4. Nxd4 Nf6 5. Nc3 Nc6 6. Bc4 Qb6 7. Nb3 e6 8. Be3 Qc7 9. O-O a6 10. Bd3 b5 11. a3 Be7 12. f4 h5 13. h3 h4 14. Nd4 Nxd4 15. Bxd4 e5 16. Be3 exf4 17. Bxf4 Be6 18. Qe2 Nh5 19. Nd5 Bxd5 20. exd5 Nxf4 21. Rxf4 O-O 22. Qh5 f5 23. Rxf5 Bf6 24. Rf3 Qc5+ 25. Kh1 Qd4 26. Bh7+ 1-0


[Site "https://www.chess.com"]

[Event "Titled Tuesday Blitz August 17 2021"]
[White "Silva, Kevin Ranidu"]
[Black "Taboas Rodriguez, Daniel"]
[WhiteFideId "9935258"]
[BlackFideId "2208466"]
[WhiteElo "1626"]
[BlackElo "2429"]
[Result "1-0"]
[Round "02"]
[TimeControl "180+1"]
[Date "2021.08.18"]
[WhiteClock "0:00:36"]
[BlackClock "0:00:16"]

1. d4 Nf6 2. Nf3 g6 3. c4 Bg7 4. Nc3 O-O 5. e4 d6 6. Be2 e5 7. O-O Nc6 8. d5 Ne7 9. b4 Nh5 10. g3 f5 11. Ng5 Nf6 12. f3 c6 13. c5 cxd5 14. exd5 h6 15. Ne6 Bxe6 16. dxe6 d5 17. Rb1 Qc8 18. Nb5 Qxe6 19. Nc7 Qd7 20. Nxa8 Rxa8 21. Bb2 d4 22. Bc4+ Kh7 23. f4 Ne4 24. Qd3 Rd8 25. fxe5 Bxe5 26. Rbe1 Bg7 27. Rxe4 fxe4 28. Qxe4 Rf8 29. Rxf8 Bxf8 30. Bxd4 Bg7 31. Bf2 Nf5 32. Be6 Qd1+ 33. Kg2 Nd4 34. Bf7 Nf5 35. g4 Nh4+ 36. Bxh4 1-0


[Site "https://www.chess.com"]

[Event "Titled Tuesday Blitz August 17 2021"]
[White "Skatchkov, Valery"]
[Black "Gupta, Abhijeet"]
[WhiteFideId "24195812"]
[BlackFideId "5010608"]
[WhiteElo "2199"]
[BlackElo "2549"]
[Result "0-1"]
[Round "02"]
[TimeControl "180+1"]
[Date "2021.08.17"]
[WhiteClock "0:00:57"]
[BlackClock "0:01:05"]

1. d4 Nf6 2. c4 g6 3. Nc3 d5 4. Bg5 Ne4 5. Bf4 Nxc3 6. bxc3 Bg7 7. Nf3 O-O 8. e3 c5 9. cxd5 Qxd5 10. Be2 cxd4 11. cxd4 Qa5+ 12. Qd2 Nc6 13. Qxa5 Nxa5 14. Be5 Be6 15. Bxg7 Kxg7 16. Kd2 Rfc8 17. Rhc1 Rxc1 18. Rxc1 Bxa2 19. Rc7 Kf8 20. Ne5 Be6 21. Bf3 Rc8 22. Rxc8+ Bxc8 23. Kc3 f6 24. Nd3 b6 25. Nb4 Ke8 26. Bc6+ Kd8 27. h3 Kc7 28. Bf3 Bb7 29. e4 e5 30. d5 Kd6 31. Be2 Bc8 32. Nc2 f5 33. f3 f4 34. Na3 Bd7 35. Ba6 Kc5 36. Nc2 b5 37. Ne1 Kb6 38. Nd3 Nc4 39. Kb4 Be8 40. Nc5 Nd6 41. Ne6 Kxa6 42. Kc5 Nb7+ 0-1


[Site "https://www.chess.com"]

[Event "Titled Tuesday Blitz August 17 2021"]
[White "Solovchuk, Oleksiy"]
[Black "Esipenko, Andrey"]
[WhiteFideId "14115220"]
[BlackFideId "24175439"]
[WhiteElo "2376"]
[BlackElo "2595"]
[Result "0-1"]
[Round "02"]
[TimeControl "180+1"]
[Date "2021.08.17"]
[WhiteClock "0:00:17"]
[BlackClock "0:00:45"]

1. d4 Nf6 2. Nf3 b6 3. g3 Bb7 4. Bg2 c5 5. c3 g6 6. O-O Bg7 7. Bf4 d6 8. Qd2 h6 9. Na3 g5 10. Be3 O-O 11. h4 g4 12. Nh2 Bxg2 13. Kxg2 h5 14. Bh6 Nh7 15. f3 f5 16. Rad1 Nd7 17. Nc4 Rf6 18. Bxg7 Kxg7 19. Ne3 Qf8 20. Nd5 Rg6 21. Nf4 Rh6 22. fxg4 hxg4 23. Nxg4 fxg4 24. Nh5+ Rxh5 25. Rxf8 Rxf8 26. e4 Ndf6 27. Qe2 e5 28. dxc5 dxc5 29. Qa6 Rf7 30. Qc8 Nf8 31. Rd8 Rh6 32. Qf5 N8d7 33. Ra8 a5 34. Ra7 Nd5 35. Qxg4+ Rg6 36. Qxd7 Ne3+ 37. Kh3 Rxd7 38. Rxd7+ Kh6 39. Re7 Ng4 40. Kg2 Rf6 41. Kh3 Nf2+ 42. Kg2 Nxe4 43. Rxe5 Rf2+ 44. Kg1 Re2 45. g4 Ng3 46. Rxe2 Nxe2+ 47. Kf2 Nc1 48. Ke3 Nxa2 49. Ke4 Nc1 50. Kd5 Nd3 51. Kc6 Nxb2 52. Kb5 a4 0-1


[Site "https://www.chess.com"]

[Event "Titled Tuesday Blitz August 17 2021"]
[White "Stoyanov, Tsvetan"]
[Black "Adury, Anant"]
[WhiteFideId "2917173"]
[BlackFideId "30964687"]
[WhiteElo "2191"]
[BlackElo "2300"]
[Result "1/2-1/2"]
[Round "02"]
[TimeControl "180+1"]
[Date "2021.08.18"]
[WhiteClock "0:00:20"]
[BlackClock "0:00:58"]

1. e4 c5 2. Nf3 g6 3. d4 cxd4 4. Nxd4 Nc6 5. c4 Nf6 6. Nc3 d6 7. Be3 Ng4 8. Nxc6 Nxe3 9. Nxd8 Nxd1 10. Rxd1 Kxd8 11. c5 Be6 12. cxd6 exd6 13. e5 Bg7 14. f4 Ke7 15. exd6+ Kd7 16. Bb5+ Kd8 17. O-O a6 18. Bd3 Rc8 19. Be4 Bxc3 20. bxc3 Rxc3 21. Bxb7 Bxa2 22. Bxa6 Bc4 23. Bxc4 Rxc4 24. f5 g5 25. Rfe1 Re8 26. Rxe8+ Kxe8 27. Re1+ Kd7 28. Re7+ Kxd6 29. Rxf7 Rf4 30. g3 Rf3 31. Kg2 g4 32. h3 h5 33. hxg4 hxg4 34. Rg7 Rxf5 35. Rxg4 Ke6 36. Ra4 Kf6 37. g4 Rb5 38. Kg3 Kg5 39. Ra3 Rc5 40. Rf3 Rb5 1/2-1/2


[Site "https://www.chess.com"]

[Event "Titled Tuesday Blitz August 17 2021"]
[White "Svane, Rasmus"]
[Black "Piesik, Piotr"]
[WhiteFideId "4657101"]
[BlackFideId "1136194"]
[WhiteElo "2669"]
[BlackElo "2395"]
[Result "1-0"]
[Round "02"]
[TimeControl "180+1"]
[Date "2021.08.17"]
[WhiteClock "0:01:00"]
[BlackClock "0:01:13"]

1. Nf3 g6 2. e4 Bg7 3. d4 c6 4. c3 d6 5. Bd3 Nf6 6. O-O O-O 7. h3 Nbd7 8. Re1 e5 9. Be3 Re8 10. Nbd2 d5 11. Nxe5 Nxe5 12. dxe5 Nxe4 13. f4 Bf5 14. Nf3 Ng3 15. Bxf5 Nxf5 16. Bf2 f6 17. g4 Ne7 18. e6 f5 19. Ng5 Qd6 20. Nf7 Qxf4 21. Kg2 fxg4 22. hxg4 Nc8 23. Bg3 Qf6 24. Qe2 Nb6 25. g5 Qxe6 26. Qxe6 Rxe6 27. Rxe6 Kxf7 28. Rae1 Bf8 29. Bd6 Rd8 30. Rf6+ Kg8 31. Bxf8 Rxf8 32. Re7 Nc4 33. Rxb7 a5 34. a4 Re8 35. Rxc6 Ne5 36. Rcc7 1-0


[Site "https://www.chess.com"]

[Event "Titled Tuesday Blitz August 17 2021"]
[White "Sychev, Klementy"]
[Black "Seul, Georg"]
[WhiteFideId "4114060"]
[BlackFideId "4601653"]
[WhiteElo "2615"]
[BlackElo "2332"]
[Result "1-0"]
[Round "02"]
[TimeControl "180+1"]
[Date "2021.08.17"]
[WhiteClock "0:01:07"]
[BlackClock "0:00:54"]

1. e4 e5 2. Nf3 Nc6 3. Nc3 Nf6 4. d4 exd4 5. Nd5 Be7 6. Bd3 d6 7. h3 Nxd5 8. exd5 Ne5 9. Nxd4 Nxd3+ 10. Qxd3 O-O 11. Be3 Bf6 12. O-O-O Bd7 13. Nf3 c5 14. dxc6 Bxc6 15. Qxd6 Qa5 16. a3 Rac8 17. Qb4 Qa6 18. Rd2 Rfe8 19. Rhd1 h6 20. Kb1 Be4 21. Qb3 Rc6 22. Bd4 Rec8 23. Ne1 Bxd4 24. Rxd4 Bxc2+ 25. Nxc2 Rxc2 26. Rd8+ Kh7 27. Qxf7 Rxb2+ 28. Kxb2 Qb6+ 29. Qb3 Qf6+ 30. R8d4 1-0


[Site "https://www.chess.com"]

[Event "Titled Tuesday Blitz August 17 2021"]
[White "Taichman, Ori"]
[Black "Alekseenko, Kirill"]
[WhiteFideId "2804069"]
[BlackFideId "4135539"]
[WhiteElo "2227"]
[BlackElo "2580"]
[Result "1-0"]
[Round "02"]
[TimeControl "180+1"]
[Date "2021.08.17"]
[WhiteClock "0:00:17"]
[BlackClock "0:00:03"]

1. e4 e5 2. d4 exd4 3. Qxd4 Nc6 4. Qe3 Nf6 5. Nc3 Bb4 6. Bd2 O-O 7. O-O-O Re8 8. Qg3 Nxe4 9. Nxe4 Rxe4 10. c3 Bd6 11. f4 Qf6 12. Nh3 h6 13. Bd3 Re7 14. Nf2 g6 15. Ne4 Qg7 16. Nxd6 cxd6 17. f5 Ne5 18. fxg6 fxg6 19. Be4 Rb8 20. Be3 b6 21. Rxd6 Bb7 22. Rxg6 Nxg6 23. Qxb8+ Nf8 24. Qxb7 Qe5 25. Qd5+ Re6 26. Bd4 Qxe4 27. Qxe4 Rxe4 28. Rf1 Ne6 29. Rd1 Kf7 30. Kc2 Ke7 31. Rd2 h5 32. Kd3 Rg4 33. g3 h4 34. Bf2 h3 35. Re2 d5 36. Re5 Kd6 37. Rh5 Ng5 38. Be3 Nf3 39. Rh6+ Kd7 40. Rxh3 Ne5+ 41. Ke2 Re4 42. Rh7+ Kc6 43. Rh6+ Kb5 44. Re6 a5 45. h4 a4 46. h5 a3 47. bxa3 Kc4 48. h6 Kxc3 49. h7 d4 50. h8=Q Rxe3+ 51. Kf1 Nc4 52. Rxe3+ Nxe3+ 53. Ke2 Nc4 54. a4 Nb2 55. Qe5 Nc4 56. Qd5 Nb2 57. Qc6+ Nc4 58. Qd5 Nb2 59. Qb3# 1-0


[Site "https://www.chess.com"]

[Event "Titled Tuesday Blitz August 17 2021"]
[White "Tarasova, Viktoriya"]
[Black "Vlassov, Nikolai"]
[WhiteFideId "4175840"]
[BlackFideId "4103360"]
[WhiteElo "2182"]
[BlackElo "2407"]
[Result "0-1"]
[Round "02"]
[TimeControl "180+1"]
[Date "2021.08.18"]
[WhiteClock "0:00:15"]
[BlackClock "0:00:19"]

1. d4 Nf6 2. c4 Nc6 3. d5 Ne5 4. Qd4 Ng6 5. f4 e6 6. e4 exd5 7. cxd5 b6 8. e5 Bc5 9. Qd3 Ng4 10. Nh3 O-O 11. Be2 f5 12. Nc3 a5 13. Qg3 a4 14. Bd2 c6 15. d6 b5 16. Bxg4 fxg4 17. Qxg4 Bd4 18. Ng5 Qe8 19. Nf3 Bxe5 20. fxe5 Nxe5 21. Nxe5 Qxe5+ 22. Qe2 Qxd6 23. O-O-O a3 24. b3 b4 25. Ne4 Qe5 26. Bxb4 Qa1+ 27. Kc2 Qxa2+ 28. Kd3 Qxb3+ 29. Bc3 Ba6+ 0-1


[Site "https://www.chess.com"]

[Event "Titled Tuesday Blitz August 17 2021"]
[White "Tica, Sven"]
[Black "Rodchenkov, Vitaly"]
[WhiteFideId "14526948"]
[BlackFideId "4152964"]
[WhiteElo "2391"]
[BlackElo "2337"]
[Result "1/2-1/2"]
[Round "02"]
[TimeControl "180+1"]
[Date "2021.08.17"]
[WhiteClock "0:00:19"]
[BlackClock "0:00:31"]

1. d4 Nf6 2. Nc3 c5 3. d5 d6 4. e4 g6 5. f4 Bg7 6. h3 O-O 7. Nf3 Na6 8. Be2 Nc7 9. O-O b5 10. Nxb5 Nxb5 11. Bxb5 Nxe4 12. Re1 Nf6 13. c4 Rb8 14. Qe2 e6 15. dxe6 Bxe6 16. Rd1 Qb6 17. Ng5 Bc8 18. Qe7 d5 19. Be3 d4 20. Bf2 Bb7 21. b4 a6 22. bxc5 Qa5 23. Bxd4 axb5 24. Bxf6 Bxf6 25. Qxf6 bxc4 26. Qd4 Rbc8 27. Qxc4 Rxc5 28. Qb3 Rb5 29. Qc2 Qb6+ 30. Kh1 Rb2 31. Rab1 Rxc2 32. Rxb6 Bxg2+ 33. Kg1 h6 34. Nxf7 Rxf7 35. Rxg6+ Rg7 36. Rd8+ Kh7 37. Rxg7+ Kxg7 38. Rd7+ Kg6 39. Rd6+ Kf5 40. Rxh6 Kxf4 41. Rf6+ Ke5 42. Rf2 Rxf2 43. Kxf2 Bxh3 44. a4 Kd4 45. a5 Kc5 46. a6 Kb6 47. a7 Kxa7 1/2-1/2


[Site "https://www.chess.com"]

[Event "Titled Tuesday Blitz August 17 2021"]
[White "Tikhonov, Viacheslav"]
[Black "Tsaruk, Maksim"]
[WhiteFideId "44196407"]
[BlackFideId "13511173"]
[WhiteElo "1773"]
[BlackElo "2184"]
[Result "0-1"]
[Round "02"]
[TimeControl "180+1"]
[Date "2021.08.17"]
[WhiteClock "0:00:15"]
[BlackClock "0:00:53"]

1. e4 e5 2. Nf3 Nc6 3. Bc4 Nf6 4. d3 Bc5 5. O-O a6 6. a4 h6 7. Nc3 d6 8. h3 Be6 9. Be3 Bxe3 10. fxe3 Bxc4 11. dxc4 O-O 12. Nd2 Nd7 13. Nd5 Ne7 14. b4 a5 15. c3 Ng6 16. bxa5 Rxa5 17. Nb3 Ra8 18. Qd3 Nc5 19. Nxc5 dxc5 20. a5 c6 21. Rfb1 cxd5 22. cxd5 Rxa5 23. Rxa5 Qxa5 24. Rxb7 Rd8 25. d6 Nf8 26. Qd5 Rd7 27. Rxd7 Nxd7 28. Qc6 Qa7 29. Qc7 Qxc7 30. dxc7 Nb6 31. Kf2 Kf8 32. Kf3 Ke7 33. Kg4 g6 34. h4 Kd7 35. h5 Kxc7 36. Kh4 Na4 37. hxg6 fxg6 0-1


[Site "https://www.chess.com"]

[Event "Titled Tuesday Blitz August 17 2021"]
[White "Timmermans, Mark"]
[Black "Bobkov, Vadim"]
[WhiteFideId "1026399"]
[BlackFideId "34110876"]
[WhiteElo "2460"]
[BlackElo "2117"]
[Result "0-1"]
[Round "02"]
[TimeControl "180+1"]
[Date "2021.08.17"]
[WhiteClock "0:01:35"]
[BlackClock "0:00:09"]

1. b4 Nf6 2. Bb2 e6 3. b5 a6 4. a4 axb5 5. axb5 Rxa1 6. Bxa1 b6 7. c4 Bb7 8. e3 Bb4 9. Nf3 O-O 10. Be2 d5 11. O-O c5 12. d4 Ne4 13. Nfd2 Nxd2 14. Nxd2 cxd4 15. Bxd4 Nd7 16. cxd5 Bxd5 17. Bf3 Nc5 18. Bxd5 Qxd5 19. Nf3 Ne4 20. Qa4 Bc5 21. h3 Ra8 22. Qc2 f6 23. Rd1 Ra2 24. Bb2 Rxb2 25. Rxd5 Rxc2 26. Rd8+ Kf7 27. Rd7+ Kf8 28. Nd4 Bxd4 29. Rxd4 Rc1+ 30. Kh2 Nxf2 31. Rd6 Rb1 32. Rxb6 e5 33. Rb8+ Kf7 34. b6 Ne4 35. Rb7+ Kg6 36. h4 h5 37. g3 Rb2+ 38. Kg1 Nxg3 39. Rb8 Nf5 40. e4 Nxh4 41. b7 Nf3+ 42. Kf1 Nd4 43. Kg1 Ne6 44. Kf1 Nc5 45. Kg1 Rxb7 46. Rc8 Nxe4 47. Kg2 Ng5 48. Rc3 Rb4 49. Ra3 Rg4+ 50. Kh2 h4 51. Ra2 h3 52. Ra3 Kh5 53. Kh1 e4 54. Ra8 Kg6 55. Ra3 Nf3 56. Ra1 Rg1+ 0-1


[Site "https://www.chess.com"]

[Event "Titled Tuesday Blitz August 17 2021"]
[White "Timofeev, Artyom"]
[Black "Quinones Garcia, Santiago"]
[WhiteFideId "4140419"]
[BlackFideId "4408497"]
[WhiteElo "2582"]
[BlackElo "2187"]
[Result "1-0"]
[Round "02"]
[TimeControl "180+1"]
[Date "2021.08.18"]
[WhiteClock "0:00:26"]
[BlackClock "0:00:01"]

1. c4 Nf6 2. Nc3 e5 3. e3 Nc6 4. d3 Be7 5. Nf3 O-O 6. Be2 d5 7. cxd5 Nxd5 8. O-O Be6 9. a3 a5 10. Qc2 f6 11. b3 Nxc3 12. Qxc3 Qd5 13. Nd2 Qc5 14. Qxc5 Bxc5 15. Bb2 Ne7 16. Rfc1 Bb6 17. Nc4 Bxc4 18. Rxc4 c6 19. g3 Rfd8 20. Rd1 Rd7 21. b4 Rad8 22. Rb1 axb4 23. Rxb4 Bc5 24. Rb3 Ra8 25. Rc1 Bd6 26. Bg4 Rc7 27. d4 exd4 28. Bxd4 b5 29. Bb2 Rca7 30. Bf3 Bxa3 31. Bxc6 Nxc6 32. Rxc6 Bxb2 33. Rxb2 Rb7 34. Rb4 Ra4 35. Rb3 Ra8 36. Kg2 Kf7 37. h4 b4 38. h5 Ra3 39. Rb2 Ra5 40. g4 b3 41. Rc3 Rab5 42. Kg3 Ke6 43. f4 R5b6 44. Kf3 Kf7 45. Rc5 Ra6 46. Rc3 Rab6 47. g5 fxg5 48. fxg5 Rb5 49. Kf4 Rb4+ 50. e4 R4b5 51. Rc6 Ra5 52. g6+ hxg6 53. hxg6+ Ke7 54. Rc3 Rab5 55. e5 R5b6 56. Kf5 Rb5 57. Rh3 R5b6 58. Rh7 Kf8 59. Rh8+ Ke7 60. Rg8 Rb8 61. Rxg7+ Kf8 62. Rh7 Kg8 63. Rf7 Ra6 64. e6 Ra2 65. Rb1 b2 66. e7 Ra5+ 67. Ke4 Ra6 68. Rxb2 Re8 69. Kf5 1-0


[Site "https://www.chess.com"]

[Event "Titled Tuesday Blitz August 17 2021"]
[White "Tristan, Leonardo"]
[Black "Pourkashiyan, Atousa"]
[WhiteFideId "113816"]
[BlackFideId "12502014"]
[WhiteElo "2404"]
[BlackElo "2285"]
[Result "1-0"]
[Round "02"]
[TimeControl "180+1"]
[Date "2021.08.17"]
[WhiteClock "0:00:53"]
[BlackClock "0:00:11"]

1. d4 Nf6 2. Nf3 d5 3. Bf4 e6 4. e3 Bd6 5. Bg3 c5 6. Bb5+ Nc6 7. Nbd2 O-O 8. c3 a6 9. Bxc6 bxc6 10. Qa4 Bb7 11. Qa3 Bxg3 12. hxg3 c4 13. b3 cxb3 14. Nxb3 a5 15. O-O Ne4 16. Nc5 Ba6 17. Rfb1 Qe7 18. Rb6 Bb5 19. Rb7 Qd6 20. Rd7 Qb8 21. Nxe4 dxe4 22. Ne5 c5 23. Rb1 cxd4 24. cxd4 Ra6 25. Qe7 Rb6 26. Rxb5 Rxb5 27. Nxf7 Rh5 28. Nh6+ 1-0


[Site "https://www.chess.com"]

[Event "Titled Tuesday Blitz August 17 2021"]
[White "Tsyhanchuk, Stanislav"]
[Black "Maghsoodloo, Parham"]
[WhiteFideId "13505130"]
[BlackFideId "12539929"]
[WhiteElo "2121"]
[BlackElo "2601"]
[Result "0-1"]
[Round "02"]
[TimeControl "180+1"]
[Date "2021.08.18"]
[WhiteClock "0:00:04"]
[BlackClock "0:00:04"]

1. e4 c5 2. Nf3 Nc6 3. d4 cxd4 4. Nxd4 e6 5. Nc3 a6 6. Be3 Qc7 7. Bd3 Nf6 8. O-O h5 9. h3 b5 10. Nxc6 dxc6 11. a4 b4 12. Nb1 e5 13. Nd2 Be6 14. b3 a5 15. Qe2 Be7 16. Kh1 O-O 17. f4 h4 18. f5 Bc8 19. Bg5 Nh7 20. Be3 Rd8 21. Qh5 Ba6 22. Nc4 c5 23. Qg4 Bb7 24. Bh6 Bf8 25. Bg5 Nxg5 26. Qxg5 Ra6 27. f6 g6 28. Qxh4 Rd4 29. Ne3 Re6 30. Bc4 Rxe4 31. Qg5 Rxc4 32. Nxc4 e4 33. Ne3 Re5 34. Qf4 Bd6 35. Ng4 Rh5 36. Qe3 c4 37. bxc4 Bc5 38. Rad1 Bxe3 39. Nxe3 Qc5 40. Nd5 e3 41. Rde1 Qxc4 42. Nxe3 Rxh3+ 43. Kg1 Rxe3 44. Rf2 Rxe1+ 45. Kh2 Qh4# 0-1


[Site "https://www.chess.com"]

[Event "Titled Tuesday Blitz August 17 2021"]
[White "Turayev, Shahruh"]
[Black "Tang, Andrew"]
[WhiteFideId "14003856"]
[BlackFideId "2059630"]
[WhiteElo "2601"]
[BlackElo "2588"]
[Result "0-1"]
[Round "02"]
[TimeControl "180+1"]
[Date "2021.08.17"]
[WhiteClock "0:00:11"]
[BlackClock "0:00:13"]

1. e4 e5 2. Nc3 Nc6 3. Bc4 Bc5 4. Qg4 Kf8 5. Qf3 Nf6 6. Nge2 d6 7. h3 a6 8. d3 h6 9. Be3 Nd4 10. Bxd4 exd4 11. Nd5 Nd7 12. Qg3 Ne5 13. Bb3 c6 14. Ndf4 a5 15. a4 Qf6 16. O-O g6 17. c3 Nd7 18. cxd4 Bxd4 19. Nxd4 Qxd4 20. Ne2 Qb4 21. d4 Kg7 22. f4 Nf6 23. Bc2 Qxb2 24. Rac1 Nxe4 25. Bxe4 Qxe2 26. Rce1 Qd2 27. f5 Qxd4+ 28. Kh1 Qe5 29. Qd3 Rf8 30. fxg6 f5 31. Bxc6 Qf6 32. Bd5 Bd7 33. Bxb7 Rae8 34. Bd5 Bxa4 35. Ra1 Bd7 36. Rxa5 Re7 37. Ra7 f4 38. Rb1 Qxg6 39. Qxg6+ Kxg6 40. Bf3 Rff7 41. Kh2 Bf5 42. Ra6 Bxb1 43. Rxd6+ Rf6 44. Rd1 Be4 45. Bg4 f3 46. gxf3 Bxf3 47. Rg1 Re2+ 48. Kg3 Bxg4 49. hxg4 Kg5 50. Rh1 Re3+ 51. Kg2 Kxg4 52. Ra1 Re2+ 53. Kg1 Kg3 54. Ra3+ Rf3 55. Ra1 h5 56. Kh1 Rh2+ 57. Kg1 h4 58. Ra4 Rg2+ 59. Kh1 Rf1# 0-1


[Site "https://www.chess.com"]

[Event "Titled Tuesday Blitz August 17 2021"]
[White "Urazayev, Arystanbek"]
[Black "Nozdrachev, Leonid"]
[WhiteFideId "13709810"]
[BlackFideId "24113433"]
[WhiteElo "2321"]
[BlackElo "2240"]
[Result "1-0"]
[Round "02"]
[TimeControl "180+1"]
[Date "2021.08.17"]
[WhiteClock "0:00:44"]
[BlackClock "0:00:02"]

1. c4 e5 2. Nf3 Nc6 3. d4 exd4 4. Nxd4 Bb4+ 5. Nc3 Bxc3+ 6. bxc3 Nf6 7. g3 O-O 8. Bg2 d6 9. O-O Bd7 10. Rb1 Rb8 11. c5 dxc5 12. Nxc6 Bxc6 13. Bxc6 bxc6 14. Ba3 Nd5 15. Qc2 Qe7 16. e4 Nb6 17. c4 Rfe8 18. Rbe1 Qe6 19. Bxc5 Qxc4 20. Qxc4 Nxc4 21. Bxa7 Nd2 22. Bxb8 Rxb8 23. Ra1 Nxf1 24. Kxf1 Kf8 25. a4 Ke7 26. Ke2 Kd6 27. a5 c5 28. f4 Kc6 29. a6 c4 30. Kd2 Re8 31. Kc3 Kb6 32. e5 Ka7 33. Kxc4 f6 34. Kd5 fxe5 35. fxe5 Rd8+ 36. Kc6 Rd2 37. Re1 Rc2+ 38. Kd7 Rd2+ 39. Kxc7 Rc2+ 40. Kd6 Rd2+ 41. Kc5 Rc2+ 42. Kd6 Rd2+ 43. Ke7 Rxh2 44. e6 Rf2 45. Kd7 Rd2+ 46. Ke8 h5 47. e7 g5 48. Kf7 Rf2+ 49. Kg6 1-0


[Site "https://www.chess.com"]

[Event "Titled Tuesday Blitz August 17 2021"]
[White "Urquhart, Ed"]
[Black "Steinberg, Nitzan"]
[WhiteFideId "2603748"]
[BlackFideId "2801795"]
[WhiteElo "2184"]
[BlackElo "2440"]
[Result "0-1"]
[Round "02"]
[TimeControl "180+1"]
[Date "2021.08.18"]
[WhiteClock "0:00:03"]
[BlackClock "0:00:42"]

1. e4 c5 2. Nc3 Nc6 3. f4 e6 4. Nf3 d5 5. Bb5 Nf6 6. Qe2 Be7 7. O-O O-O 8. Bxc6 bxc6 9. d3 a5 10. Ne5 Qc7 11. Nf3 a4 12. Kh1 Ba6 13. e5 Nd7 14. Nxa4 c4 15. Nc3 cxd3 16. cxd3 Nc5 17. Rd1 Rab8 18. Be3 Rfd8 19. Qc2 Nd7 20. d4 c5 21. Na4 c4 22. Nc3 g6 23. Bf2 Bf8 24. Bh4 Rdc8 25. h3 Rb7 26. Rab1 Bg7 27. Qf2 Rcb8 28. Rd2 Qa5 29. Kh2 Nb6 30. Bf6 Na4 31. Nxa4 Qxa4 32. Bxg7 Kxg7 33. Qh4 c3 34. b3 Qa3 35. Rf2 Bd3 36. Re1 c2 37. Qf6+ Kg8 38. h4 c1=Q 39. Rxc1 Qxc1 40. h5 Qa3 41. Ng5 Qf8 42. hxg6 Bxg6 43. Rf3 Rc8 44. Rg3 Qe7 0-1


[Site "https://www.chess.com"]